 Dungeon Crawl Stone Soup version 0.26-b1-32-g5d43845318 (webtiles) character file.

Game seed: 9804748632013733816

5254 MisterFreud the Blocker (level 10, -1/89 (94) HPs)
             Began as a Troll Fighter on Jan 12, 2021.
             Was a Priest of Ru.
             Shot with an arrow by a centaur (4 damage)
             ... on level 12 of the Dungeon.
             The game lasted 00:11:06 (7748 turns).

MisterFreud the Blocker (Troll Fighter)             Turns: 7748, Time: 00:11:08

HP:   -1/89 (94)    AC:  9    Str: 27    XL:     10   Next: 36%
MP:   9/9           EV:  9    Int:  6    God:    Ru [***...]
Gold: 569           SH: 11    Dex:  9    Spells: 9/9 levels left

rFire    . . .     SeeInvis .     - Unarmed
rCold    . . .     Faith    .   b - +0 kite shield
rNeg     . . .     Spirit   .   J - +0 troll leather armour
rPois    .         Reflect  .   (helmet restricted)
rElec    .         Harm     .   O - +0 cloak
rCorr    +         Rampage  .   (gloves unavailable)
Will     .....                  (boots unavailable)
Stlth    ..........             j - amulet of the acrobat
HPRegen  1.04/turn              w - ring of resist corrosion
MPRegen  0.11/turn              x - ring of attention (curse)

@: exhausted, drained
A: large, unfitting armour, claws 3, regeneration 1, shaggy fur 1, tough skin 3,
hated by all, inability to train dodging
a: Renounce Religion, Draw Out Power


You were on level 12 of the Dungeon.
You worshipped Ru.
Ru was most pleased with you.
You visited 2 branches of the dungeon, and saw 13 of its levels.

You collected 569 gold pieces.

Inventory:

Hand Weapons
 u - a +2 dagger of venom
Missiles
 m - 2 javelins (quivered)
 p - 31 boomerangs
 s - 20 poisoned darts
Armour
 a - a +0 robe
 b - a +0 kite shield (worn)
 J - a +0 troll leather armour (worn)
 O - a +0 cloak (worn)
Jewellery
 j - an amulet of the acrobat (around neck)
 w - a ring of resist corrosion (left claw)
 x - a cursed ring of attention (right claw)
Wands
 l - a wand of flame (25)
 A - a wand of polymorph (7)
 D - a wand of random effects (12)
 G - a wand of paralysis (13)
 H - a wand of iceblast (12)
Scrolls
 f - 6 scrolls of enchant weapon {unknown}
 g - 7 scrolls of remove curse {unknown}
 i - 8 scrolls of teleportation {unknown}
 k - 3 scrolls of enchant armour {unknown}
 o - 2 scrolls of fear {unknown}
 t - 3 scrolls of identify {unknown}
 y - 4 scrolls of magic mapping {unknown}
 z - a scroll of holy word {unknown}
 C - 3 scrolls of fog {unknown}
 F - a scroll of summoning {unknown}
 I - a scroll of blinking {unknown}
 L - a scroll of amnesia {unknown}
Potions
 c - a potion of might
 d - 3 potions of magic {unknown}
 e - 5 potions of heal wounds {unknown}
 h - 2 potions of haste {unknown}
 n - a potion of degeneration {unknown}
 q - 2 potions of attraction {unknown}
 r - 6 potions of curing {unknown}
 v - 2 potions of lignification {unknown}
 B - a potion of brilliance {unknown}
 E - a potion of invisibility {unknown}
 K - a potion of cancellation {unknown}
 N - a potion of flight {unknown}
Miscellaneous
 M - a box of beasts


   Skills:
 + Level 4.9 Fighting
 - Level 5.0 Throwing
 + Level 2.9 Armour
   Level 0.0 Dodging
 - Level 9.0 Shields
 - Level 8.0 Unarmed Combat


You had 9 spell levels left.
You didn't know any spells.
Your spell library contained the following spells:

 Spells                   Type           Power        Failure   Level
 Foxfire                  Conj/Fire      0%           50%         1
 Freeze                   Ice            0%           50%         1
 Shock                    Conj/Air       0%           50%         1
 Swiftness                Air            0%           63%         2
 Confusing Touch          Hex            0%           86%         3
 Conjure Flame            Conj/Fire      0%           86%         3
 Frozen Ramparts          Ice            0%           86%         3
 Gell's Gravitas          Tloc           0%           86%         3
 Inner Flame              Hex/Fire       0%           86%         3
 Ozocubu's Armour         Ice            0%           86%         3
 Static Discharge         Conj/Air       0%           86%         3
 Airstrike                Air            0%           99%         4
 Hailstorm                Conj/Ice       0%           99%         4
 Petrify                  Tmut/Erth      0%           99%         4
 Sticky Flame             Conj/Fire      0%           99%         4
 Fireball                 Conj/Fire      0%           100%        5
 Lightning Bolt           Conj/Air       0%           100%        5
 Metabolic Englaciation   Hex/Ice        0%           100%        5
 Yara's Violent Unravell  Hex/Tmut       0%           100%        5
 Summon Ice Beast         Ice/Summ       Unusable     N/A         4

Dungeon Overview and Level Annotations

Branches:
Dungeon (12/15)            Temple (1/1) D:6
   Lair: D:8-11         Orc: D:9-12

Altars:
Ashenzari
Cheibriados
Dithmenos
Elyvilon
Fedhas
Gozag
Hepliaklqana
Kikubaaqudgha
Makhleb
Nemelex Xobeh
Okawaru
Qazlal
Ru
Sif Muna
Trog
Uskayaw
Vehumet
Wu Jian
Xom
Yredelemnul
Zin
The Shining One

Shops:
D:7 [

Annotations:
D:5 2 transporters, qborf's ghost, novice HaEE
D:7 exclusion: statue
D:8 2 transporters, MisterFreud's ghost, novice TrFi
D:11 exclusion: ice statue


Innate Abilities, Weirdness & Mutations

You are too large for most types of armour.
You have claws for hands.
Your natural rate of healing is unusually fast.
You are covered in fur. (AC +1)
You have extremely tough skin. (AC +3)
You are hated by all.
You cannot train Dodging skill.


Message History

The six-headed hydra bites the yak!
The six-headed hydra bites the yak but does no damage.
The six-headed hydra barely misses the yak.
Evoke which item? (* to show all) (? for menu, Esc to quit)
Okay, then.
Unknown command.
Unknown command.
You open the door.
An orc warrior and a centaur come into view.
The orc warrior shouts!
You hear a shout! x2
You block the six-headed hydra's attack.
The six-headed hydra bites you but does no damage.
The six-headed hydra barely misses you.
You block the six-headed hydra's attack. x2
The six-headed hydra bites you!
* * * LOW HITPOINT WARNING * * *
A worker ant comes into view.
The centaur wields a +0 shortbow.
The centaur shoots an arrow.
The arrow hits you.
You die...

#......B..#
#.....o...
#...:....
...c...
..... ...
#'###
#@DY##
###..###
##YY.#
###Y#
########'##
#..Y...<.Y#
#..YY.Y...#
#$........#
#.Y.......#


You could see a six-headed hydra, 4 yaks, an orc warrior, a centaur and a worker
ant (wandering).

Vanquished Creatures
  Maurice (D:11)
  A troll (D:10)
  A hornet (D:10)
  Grinder (D:5)
  4 sky beasts
  An ice beast (D:7)
  3 orc warriors
  A black bear (D:7)
  3 ogres
  8 centaurs
  7 bullfrogs
  4 scorpions
  A wyvern skeleton (D:10)
  8 killer bees
  An electric eel (D:10)
  4 wights (D:7)
  3 howler monkeys (D:9)
  A bullfrog zombie (D:4)
  6 hounds
  2 quasits
  6 orc priests
  A gnoll shaman (D:6)
  A jelly (D:7)
  2 bullfrog skeletons
  An iguana (D:5)
  Terence (D:2)
  8 orc wizards
  5 worker ants
  A hound skeleton (D:10)
  2 worker ant zombies
  3 gnolls (D:6)
  11 adders
  2 shadow imps (D:6)
  3 white imps
  An ufetubus (D:6)
  2 adder zombies (D:8)
  2 worms
  5 leopard geckos
  62 orcs
  4 giant cockroaches
  11 goblins
  7 hobgoblins
  25 jackals
  2 quokkas (D:4)
  A ball python (D:1)
  4 bats
  2 frilled lizards
  A jackal skeleton (D:6)
  6 kobolds
  7 rats
250 creatures vanquished.

Vanquished Creatures (others)
  An ogre (D:8)
  An orc (D:10)
2 creatures vanquished.

Grand Total: 252 creatures vanquished

Notes
Turn   | Place    | Note
-------+----------+-------------------------------------------
     0 | D:1      | MisterFreud the Troll Fighter began the quest for the Orb.
     0 | D:1      | Reached XP level 1. HP: 22/22 MP: 0/0
   173 | D:1      | Reached XP level 2. HP: 29/29 MP: 1/1
   554 | D:2      | Reached XP level 3. HP: 36/36 MP: 2/2
   614 | D:2      | Found a hide-covered altar of Uskayaw.
   718 | D:2      | Noticed Terence
   727 | D:2      | Killed Terence
   728 | D:2      | Reached XP level 4. HP: 41/44 MP: 3/3
  1029 | D:3      | Reached skill level 5 in Unarmed Combat
  1171 | D:3      | Reached XP level 5. HP: 41/50 MP: 4/4
  1296 | D:3      | Found a white marble altar of Elyvilon.
  1610 | D:4      | Reached XP level 6. HP: 45/59 MP: 5/5
  1973 | D:4      | Reached XP level 7. HP: 66/66 MP: 6/6
  2414 | D:4      | Found a sparkling altar of Nemelex Xobeh.
  2444 | D:5      | Entered Level 5 of the Dungeon
  2575 | D:5      | Reached skill level 1 in Throwing
  2654 | D:5      | Noticed Grinder
  2667 | D:5      | Killed Grinder
  2668 | D:5      | Reached skill level 3 in Shields
  2729 | D:5      | Found a transporter.
  2809 | D:5      | Found a transporter.
  2810 | D:5      | Noticed qborf's ghost (novice HaEE)
  3141 | D:6      | Reached skill level 4 in Shields
  3141 | D:6      | Reached XP level 8. HP: 74/74 MP: 7/7
  3289 | D:6      | Found a staircase to the Ecumenical Temple.
  3309 | Temple   | Entered the Ecumenical Temple
  3382 | Temple   | Became a worshipper of Ru the Awakened
  3522 | D:6      | Reached skill level 5 in Shields
  3648 | D:6      | Found a burning altar of Makhleb.
  3826 | D:6      | Reached skill level 5 in Throwing
  4192 | D:7      | Reached skill level 6 in Shields
  4237 | D:7      | Reached XP level 9. HP: 31/80 MP: 8/8
  4380 | D:7      | Found Orenam's Antique Armour Boutique.
  4724 | D:7      | Gained mutation: You are hated by all. [Ru sacrifice]
  4724 | D:7      | Reached * piety under Ru
  4767 | D:7      | Reached skill level 7 in Shields
  4980 | D:7      | Found a radiant altar of Vehumet.
  5292 | D:8      | Reached skill level 8 in Shields
  5646 | D:8      | Found a transporter.
  5648 | D:8      | Noticed MisterFreud's ghost (novice TrFi)
  5649 | D:8      | Found a transporter.
  5932 | D:9      | Found a stormy altar of Qazlal.
  6087 | D:9      | Reached skill level 9 in Shields
  6108 | D:9      | Found an iron altar of Okawaru.
  6109 | D:9      | Found a hazy altar of Hepliaklqana.
  6113 | D:9      | Found a glowing golden altar of the Shining One.
  6439 | D:9      | Gained mutation: You cannot train Dodging skill. [Ru
                  | sacrifice]
  6439 | D:9      | Reached ** piety under Ru
  6439 | D:9      | Reached *** piety under Ru
  6723 | D:10     | Entered Level 10 of the Dungeon
  6725 | D:10     | Noticed a troll
  6801 | D:10     | Killed a troll
  6802 | D:10     | Reached XP level 10. HP: 19/91 MP: 9/9
  7033 | D:10     | Reached skill level 1 in Armour
  7550 | D:11     | Found a bloodstained altar of Trog.
  7580 | D:11     | Noticed an ice statue
  7618 | D:11     | Noticed Maurice
  7644 | D:11     | Killed Maurice
  7713 | D:11     | Noticed a five-headed hydra
  7741 | D:12     | HP: 4/89 [six-headed hydra (7)]
  7748 | D:12     | HP: 3/89 [six-headed hydra (8)]
  7748 | D:12     | Shot with an arrow by a centaur

Illustrated notes

Levels and vault maps discovered:
D:1:      wander_arrival_desolate, layout_basic
D:2:      layout_loops_ring, eat_drink_and_be_merry_uskayaw, uniq_terence
D:3:      layout_rooms, elyvilon_altar_5
D:4:      layout_basic, kennysheep_little_box
D:5:      layout_basic, gammafunk_ghost_mausoleum, serial_park_tiny_2,
          uniq_grinder
D:6:      layout_basic, makhleb_heckhound_becter
D:7:      layout_loops_corners, vehumet_statue, serial_shops, shop
D:8:      layout_basic, gammafunk_ghost_smash
D:9:      layout_loops_ring, nicolae_qazlal_style_of_elements,
          grunt_temple_overflow_open, special_room [special_room_orc]
D:10:     layout_rooms, kennysheep_cross_bottleneck, minmay_misc_feat_enclosed,
          minmay_door_square, minmay_misc_feat_chi
D:11:     layout_gridville, dpeg_oklobed_lair, enter_trove_3, minivault_16,
          bloody_trog, uniq_maurice
D:12:     layout_roguey, orc_david_3, hellmonk_ghost_happy_afterlife,
          serial_shops, shop, minmay_misc_feat_alley
Temple:   cyrus_circular_temple

Skill      XL: |  1  2  3  4  5  6  7  8  9 10 |
---------------+-------------------------------+-----
Unarmed Combat | 3 4 5 6 7 8 |  8.0
Throwing       | 3 5 |  5.0
Shields        | 4 6 9 |  9.0
Dodging        | 0 |  0.0
Fighting       | 3 4 |  4.9
Armour         | 2 |  2.9

Action                   |  1- 3 |  4- 6 |  7- 9 | 10-12 || total
-------------------------+-------+-------+-------+-------++-------
Melee: Unarmed           |    77 |   136 |   460 |   102 ||   775
Throw: Javelin           |       |       |     3 |     2 ||     5
Invok: Sacrifice Love    |       |       |     1 |       ||     1
       Sacrifice Nimblen |       |       |     1 |       ||     1
       Draw Out Power    |       |       |       |     2 ||     2
Evoke: Wand              |       |       |       |     1 ||     1
Armor: Robe              |    29 |    34 |    70 |       ||   133
       Troll leather arm |       |       |       |    27 ||    27
Dodge: Dodged            |    26 |    38 |   135 |    46 ||   245
Block: Kite shield       |    28 |    44 |   203 |    63 ||   338
